 Dungeon Crawl Stone Soup version 0.22-a0-21-g9421e3f (webtiles) character file.

41 zxkuqyb the Chopper (level 3, -4/33 HPs)
             Began as a Minotaur Berserker on Jan 2, 2018.
             Was a Follower of Trog.
             Slain by a worker ant (6 damage)
             ... on level 2 of the Dungeon.
             The game lasted 00:02:48 (1155 turns).

zxkuqyb the Chopper (Minotaur Berserker)            Turns: 1155, Time: 00:02:48

Health: -4/33      AC:  2    Str: 22    XL:     3   Next: 32%
Magic:  2/2        EV: 12    Int:  4    God:    Trog [*.....]
Gold:   18         SH:  0    Dex:  9    Spells: 2/2 levels left

rFire    . . .     SeeInvis .   a - +0 hand axe
rCold    . . .     Gourm    .   (no shield)
rNeg     . . .     Faith    .   b - +0 animal skin
rPois    .         Spirit   .   (helmet restricted)
rElec    .         Reflect  .   (no cloak)
rCorr    .         Harm     .   (no gloves)
MR       .....                  (no boots)
Stlth    +.........             (no amulet)
HPRegen  0.11/turn              (no ring)
MPRegen  0.08/turn              (no ring)

@: no status effects
A: retaliatory headbutt, horns 2
a: Berserk, Burn Spellbooks, Renounce Religion


You were on level 2 of the Dungeon.
You worshipped Trog.
Trog was aware of your devotion.
You were not hungry.

You visited 1 branch of the dungeon, and saw 2 of its levels.

You collected 18 gold pieces.

Inventory:

Hand Weapons
 a - a +0 hand axe (weapon)
Missiles
 i - 82 stones (quivered)
Armour
 b - a +0 animal skin (worn)
Scrolls
 d - 3 scrolls of identify {unknown}
 e - 2 scrolls of blinking {unknown}
 f - a scroll of magic mapping {unknown}
 h - a scroll of random uselessness {unknown}
Potions
 g - a potion of flight {unknown}
 k - a potion of heal wounds {unknown}
Comestibles
 c - 4 rations
 j - a chunk of flesh


   Skills:
 + Level 4.0 Fighting
 * Level 4.4 Axes
 + Level 2.9 Armour
 + Level 2.6 Dodging


You had 2 spell levels left.
You didn't know any spells.

Dungeon Overview and Level Annotations

Branches:
Dungeon (2/15)

Altars:
Cheibriados


Innate Abilities, Weirdness & Mutations

You reflexively headbutt those who attack you in melee.
You have a pair of horns on your head.


Message History

* * * LOW HITPOINT WARNING * * *
You closely miss the worker ant. The worker ant barely misses you.
You hit the worker ant.
The worker ant is moderately wounded.
The worker ant bites you.
* * * LOW HITPOINT WARNING * * *
You completely miss the worker ant.
The worker ant is moderately wounded.
The worker ant bites you.
* * * LOW HITPOINT WARNING * * *
The worker ant bites you but does no damage.
The worker ant misses you. You furiously retaliate!
You headbutt the worker ant, but do no damage.
The worker ant closely misses you. The worker ant closely misses you.
You furiously retaliate!
You headbutt the worker ant. The worker ant bites you.
* * * LOW HITPOINT WARNING * * *
The worker ant bites you.
You die...

#......#########.##
#...##.............
##.#############.##
#.###...# #.##
#.......# #.##
#.###...# #.##
#...##.## #...
###a#.##.# ####
#..@..##.########
#.....##...##...##
#.........##.....##
#.....###.#.......#
#.....# #....._...#
#.#.#.# ###.......#
#)#.#.# ##.....##
#.#.#.# ##...##
###.#.#.. #####


You could see a worker ant.

Vanquished Creatures
  2 adders (D:2)
  A leopard gecko (D:1)
  2 giant cockroaches
  A goblin (D:1)
  2 hobgoblins (D:1)
  3 jackals (D:1)
  A quokka (D:2)
  2 bats (D:1)
  3 frilled lizards
  2 kobolds
  4 rats
23 creatures vanquished.

Notes
Turn   | Place    | Note
-------+----------+-------------------------------------------
     0 | D:1      | zxkuqyb the Minotaur Berserker began the quest for the Orb.
     0 | D:1      | Reached XP level 1. HP: 19/19 MP: 0/0
   305 | D:1      | Reached XP level 2. HP: 24/27 MP: 1/1
   972 | D:2      | Reached XP level 3. HP: 19/33 MP: 2/2
  1073 | D:2      | Found a snail-covered altar of Cheibriados.
  1150 | D:2      | HP: 1/33 [worker ant (4)]
  1155 | D:2      | Slain by a worker ant

Vault maps used:
D:1:      lemuel_arrival_river_ford
D:2:      tso_metal_star, lemuel_round_altar

Skill      XL: |  1  2 |
---------------+-------+-----
Axes           | 4 |  4.4
Fighting       | 4 |  4.0
Armour         | |  2.9
Dodging        | |  2.6

Action                   || total
-------------------------++-------
Melee: Hand axe          ||    59
       Headbutt          ||     4
Throw: Stone             ||    11
  Eat: Chunk             ||     1
Armor: Animal skin       ||    13
Dodge: Dodged            ||    50

Table legend:
 A = Spawn XP
 B = Non-spawn XP
 C = Spawn XP percentage of total XP
 D = Spawn monster count
 E = Non-spawn monster count
 F = Spawn count percentage of total count
 G = Total turns spent on level
                    A         B        C        D         E        F      G
               +---------+---------+-------+---------+---------+-------+---------
         Total |       0 |      59 |   0.0 |       0 |      23 |   0.0 |  1155
               +---------+---------+-------+---------+---------+-------+---------
           D:1 |       0 |      24 |   0.0 |       0 |      14 |   0.0 |   939
           D:2 |       0 |      35 |   0.0 |       0 |       9 |   0.0 |   216
               +---------+---------+-------+---------+---------+-------+---------
